 Dungeon Crawl Stone Soup version 0.28-a0-794-gafe8c5f9e9 (webtiles) character file.

Game seed: 1627557023049970138

66 cheechan the Skirmisher (level 4, -2/43 HPs)
             Began as a Naga Fighter on Nov 5, 2021.
             Slain by a gnoll (7 damage)
             ... on level 2 of the Dungeon.
             The game lasted 00:04:14 (1534 turns).

cheechan the Skirmisher (Naga Fighter)              Turns: 1534, Time: 00:04:15

Health: -2/43      AC:  5    Str: 20    XL:     4   Next: 15%
Magic:  4/4        EV:  7    Int:  8    God:
Gold:   88         SH:  4    Dex: 10    Spells: 3/3 levels left

rFire   . . .      SeeInvis +   a - +0 war axe
rCold   . . .      Faith    .   c - +0 buckler
rNeg    . . .      Spirit   .   b - +0 scale mail
rPois   +          Reflect  .   (no helmet)
rElec   .          Harm     .   (no cloak)
rCorr   .          Rampage  .   (no gloves)
Will    .....                   (no barding)
Stlth   ..........              (no amulet)
HPRegen 0.14/turn               (no ring)
MPRegen 0.09/turn               (no ring)

@: very slow
A: AC +1, large, see invisible, deformed body, poison resistance, slowness 2,
spit poison 1, naga tail 1
a: Spit Poison


You were on level 2 of the Dungeon.
You visited 1 branch of the dungeon, and saw 2 of its levels.

You collected 88 gold pieces.

Inventory:

Hand Weapons
 a - a +0 war axe (weapon)
 f - a +0 whip
 g - a +1 short sword of holy wrath
 l - a +3 dagger
Missiles
 e - 6 sling bullets
 h - 20 arrows
Armour
 b - a +0 scale mail (worn)
 c - a +0 buckler (worn)
Scrolls
 m - a scroll of noise
Potions
 d - 2 potions of might
 i - a potion of haste
 j - 2 potions of lignification {unknown}
 k - 2 potions of brilliance {unknown}


   Skills:
 + Level 3.6 Fighting
 + Level 3.2 Axes
 + Level 2.7 Armour
 + Level 0.8 Stealth
 + Level 2.5 Shields


You had 3 spell levels left.
You didn't know any spells.
Your spell library was empty.

Dungeon Overview and Level Annotations

Branches:
Dungeon (2/15)

Altars:

Shops:
D:1 *


Innate Abilities, Weirdness & Mutations

Your serpentine skin is tough. (AC +1)
You have supernaturally acute eyesight. (SInv)
Armour fits poorly on your strangely shaped body.
Your system is resistant to poisons. (rPois)
You cover ground very slowly.
You can spit poison.
You have a snake-like lower body.


Message History

Found a robe.
You open the door.
A rat comes into view.
You closely miss the rat.
The rat bites you but does no damage. x2
You closely miss the rat. The rat barely misses you.
You completely miss the rat. The rat bites you but does no damage.
You barely miss the rat. The rat bites you.
The rat bites you but does no damage.
You slash the rat!
You kill the rat!
There is an open door here. 2 gnolls come into view.
The gnoll shouts! x2; You hear a shout!
A gnoll comes into view. It is wielding a +0 whip.
You hear a shout!
A gnoll comes into view. It is wielding a +0 whip.
The gnoll shouts!
You hear an angry hiss.
The gnoll hits you but does no damage.
The gnoll moves out of view.
A gnoll comes into view. It is wielding a +2 vorpal spear.
The gnoll shouts!
The gnoll hits you with a +0 halberd.
An adder comes into view.
The gnoll hits you with a +0 halberd!
A gnoll comes into view. It is wielding a +0 club.
You barely miss the gnoll.
The gnoll shouts!
The gnoll barely misses you.
You slash the gnoll!
The gnoll is almost dead.
The gnoll hits you with a +0 halberd.
You closely miss the gnoll.
The gnoll is almost dead.
The gnoll hits you with a +0 halberd. The gnoll barely misses you. x2
The gnoll hits you from afar with a +2 vorpal spear.
You barely miss the gnoll.
The gnoll is almost dead.
The gnoll hits you with a +0 halberd!
* * * LOW HITPOINT WARNING * * *
The gnoll hits you from afar with a +2 vorpal spear!
You die...

.........# #.#.# #............
.........# #†#.########.########
...>.....####.#..........########
................................>
..........###.................###
........#.# ####.#######.........
........#..#####.#######.........
.......................'.........
#######.....####@#######......###
#+##..# #g# #......# ..#


gg# #......# .gS# #......# ....# #......# .....# #.....[# ......# ########
#......# You could see 4 gnolls and an adder.

Vanquished Creatures
  Jessica (D:2)
  An adder (D:2)
  3 worms (D:2)
  A dart slug (D:1)
  2 endoplasms (D:1)
  A giant cockroach (D:1)
  2 goblins (D:1)
  A hobgoblin (D:1)
  2 jackals (D:1)
  A quokka (D:1)
  2 ball pythons
  2 bats
  A kobold (D:1)
  2 rats
22 creatures vanquished.

Vanquished Creatures (others)
  2 plants (D:1)
2 creatures vanquished.

Grand Total: 24 creatures vanquished

Notes
Turn   | Place    | Note
-------+----------+-------------------------------------------
     0 | D:1      | cheechan the Naga Fighter began the quest for the Orb.
     0 | D:1      | Reached XP level 1. HP: 21/21 MP: 1/1
   130 | D:1      | Reached XP level 2. HP: 24/28 MP: 2/2
   694 | D:1      | Found Qiwoh's Assorted Antiques.
   961 | D:2      | Found a faded altar of an unknown god.
  1059 | D:2      | Noticed Jessica
  1064 | D:2      | Killed Jessica
  1065 | D:2      | Reached XP level 3. HP: 19/34 MP: 3/3
  1399 | D:2      | Reached XP level 4. HP: 34/43 MP: 4/4
  1534 | D:2      | Slain by a gnoll

Illustrated notes

Levels and vault maps discovered:
D:1:      mainiacjoe_arrival_reflecting_pool, layout_basic, serial_shops,
          nicolae_shop_overgrown_old_shop, minmay_statues_item
D:2:      layout_basic, ebering_ecumenical_altar_sacrificial, uniq_jessica

Skill      XL: |  1  2 |
---------------+-------+-----
Axes           | 3 |  3.2
Fighting       | |  3.6
Armour         | |  2.7
Stealth        | |  0.8
Shields        | |  2.5

Action                   |  1- 3 |  4- 6 || total
-------------------------+-------+-------++-------
Melee: War axe           |    53 |    20 ||    73
 Abil: Spit Poison       |     1 |     1 ||     2
  Use: Scroll            |     4 |       ||     4
Armor: Scale mail        |    19 |     7 ||    26
Dodge: Dodged            |    34 |     6 ||    40
Block: Buckler           |     6 |     5 ||    11

Table legend: (Time is in decaauts)
 A = Elapsed time spent in this place.
 B = Non-inter-level travel time spent in this place.
 C = Inter-level travel time spent in this place.
 D = Time resting spent in this place.
 E = Time spent auto-exploring this place.
 F = Levels seen in this place.
 G = Mean time per level.
                   A        B        C        D        E       F      G
               +--------+--------+--------+--------+--------+-----+--------+
         Total |   2023 |   2023 |      0 |    264 |      0 |   2 | 1011.5 |
       Dungeon |   2023 |   2023 |      0 |    264 |      0 |   2 | 1011.5 |
               +--------+--------+--------+--------+--------+-----+--------+

Top non-repeatable levels by time:
     D:1: 1292 daAuts
     D:2: 730 daAuts
